 Dungeon Crawl Stone Soup version 0.31.0-12-g77e489cdc1 (webtiles) character file.

Game seed: 17305407721173008253

49 Curundu the Chopper (level 3, -8/49 HPs)
             Began as a Minotaur Berserker on Mar 3, 2024.
             Was a Believer of Trog.
             Mangled by a gnoll
             ... wielding a +0 halberd
              (14 damage)
             ... on level 2 of the Dungeon.
             The game lasted 00:02:53 (682 turns).

Curundu the Chopper (Minotaur Berserker)             Turns: 682, Time: 00:02:56

Health: -8/49      AC:  2    Str: 23    XL:     3   Next: 51%
Magic:  2/2        EV: 12    Int:  4    God:    Trog [**....]
Gold:   33         SH:  0    Dex:  9    Spells: 2/2 levels left

rFire   . . .        i - +0 war axe
rCold   . . .        (no shield)
rNeg    . . .        b - +0 animal skin
rPois   .            (helmet restricted)
rElec   .            (no cloak)
rCorr   .            (no gloves)
SInv    .            (no boots)
Will    .....        (no amulet) Stlth
                     (no ring)
HPRegen 0.28/turn    (no ring)
MPRegen 0.08/turn

%: no passive effects
@: berserking, very quick
A: horns 2, retaliatory headbutt
a: Renounce Religion, Berserk, Trog's Hand


You were on level 2 of the Dungeon.
You worshipped Trog.
Trog was pleased with you.
You visited 1 branch of the dungeon, and saw 2 of its levels.

You collected 33 gold pieces.

Inventory:

Hand Weapons
 i - a +0 war axe (weapon)
Armour
 b - a +0 animal skin (worn)
Scrolls
 c - a scroll of identify {unknown}
 e - a scroll of enchant weapon {unknown}
 f - a scroll of vulnerability {unknown}
Potions
 a - a potion of degeneration {unknown}
 d - 2 potions of heal wounds {unknown}
 g - a potion of mutation {unknown}
 h - 3 potions of curing {unknown}


   Skills:
 + Level 4.1 Fighting
 + Level 4.8 Axes
 + Level 2.6 Armour
 + Level 2.5 Dodging


You had 2 spell levels left.
You didn't know any spells.
Your spell library was empty.

Dungeon Overview and Level Annotations

Branches:
Dungeon (2/15)

Altars:


Innate Abilities, Weirdness & Mutations

You have a pair of horns on your head.
You reflexively headbutt those who attack you in melee.


Message History

The gnoll shouts! x2
An endoplasm comes into view.
The gnoll hits the plant with a +0 spear!
The plant begins to die.
The endoplasm quivers.
The gnoll splashes around in the water.
A nearby plant withers and dies.
The gnoll hits the plant with a +0 spear.
The plant begins to die.
The gnoll splashes around in the water.
The gnoll splashes around in the water.
The gnoll hits the plant with a +0 halberd!
The gnoll splashes around in the water.
The gnoll hits the plant with a +0 spear.
The plant begins to die.
The gnoll misses you.
The gnoll hits you from afar with a +0 spear.
The gnoll splashes around in the water.
A nearby plant withers and dies.
You slash the gnoll!
You kill the gnoll!
Trog accepts your kill.
You hear a splash.
The gnoll barely misses you.
The gnoll hits you from afar with a +0 halberd!
You hit the endoplasm.
You kill the endoplasm!
Trog accepts your kill.
A nearby plant withers and dies.
The gnoll closely misses you.
A red film seems to cover your vision as you go berserk!
You feel yourself moving faster!
You feel mighty! The gnoll hits you but does no damage.
The gnoll hits you from afar with a +0 halberd.
You feel a strong urge to attack something.
The gnoll hits you with a +0 spear.
You hit the gnoll. You headbutt the gnoll!
You kill the gnoll!
Trog accepts your kill.
The gnoll hits you from afar with a +0 halberd!
* * * LOW HITPOINT WARNING * * *
The gnoll hits you from afar with a +0 halberd!
You die...

#. .. # #. ##♣♣♣♣♣♣♣♣ .#
#. #~♣~P~♣~~♣♣#.#
#.#♣~~~~~~P~~♣P.
#...~~..~P~~~~♣♣♣#
#............~~P~###
#.)@...............#
♣~~)~.......~....#..
♣~~Pgg~P~P♣~..~.~.....
♣~~~~~~≈~~PP~~~~~~###..
..~~~~~~~~≈~~~~~~~.# #..
...$♣~PPP~~≈~~~~P~..###..
......♣♣~P~~~~~~~~.......
...... ###♣~~♣PP~♣#####..
.... #~♣♣♣♣♣# #..


You could see 2 gnolls.

Vanquished Creatures
  2 gnolls (D:2)
  A ribbon worm (D:2)
  A dart slug (D:1)
  2 ball pythons
  2 bats (D:1)
  5 endoplasms
  4 goblins
  3 hobgoblins (D:1)
  2 quokkas (D:1)
  A frilled lizard (D:1)
  8 kobolds
31 creatures vanquished.

Notes
Turn   | Place    | Note
-------+----------+-------------------------------------------
     0 | D:1      | Curundu the Minotaur Berserker began the quest for the Orb.
     0 | D:1      | Reached XP level 1. HP: 19/19 MP: 0/0
    55 | D:1      | Reached XP level 2. HP: 24/27 MP: 1/1
   487 | D:2      | Reached XP level 3. HP: 31/33 MP: 2/2
   581 | D:2      | Reached ** piety under Trog
   682 | D:2      | Mangled by a gnoll

Illustrated notes

Levels and vault maps discovered:
D:1:      saegor_arrival_simple_c, layout_rooms, minmay_bisected
D:2:      layout_basic, serial_shops, shop, basic_altar, serial_bayou_ford_a,
          minmay_hexomino_u4

Skill      XL: |  1  2 |
---------------+-------+-----
Fighting       | 4 |  4.1
Axes           | 4 |  4.8
Armour         | |  2.6
Dodging        | |  2.5

Action                     || total
---------------------------++-------
  Melee: Hand axe          ||    45
         Headbutt          ||     5
         War axe           ||    12
 Invoke: Berserk           ||     1
 Armour: Animal skin       ||    44
  Dodge: Dodged            ||    40
